 Dungeon Crawl Stone Soup version 0.31-a0-233-g139696dc86 (webtiles) character file.

Game seed: 137870848654690943

19969 qw the Marksgargoyle (level 12, -3/80 HPs)
             Began as a Gargoyle Hexslinger on July 9, 2023.
             Was an Elder of Okawaru.
             Slain by a wraith (6 damage)
             ... led by Josephine
             ... on level 4 of the Lair of Beasts.
             The game lasted 00:07:14 (13399 turns).

qw the Marksgargoyle (Gargoyle Hexslinger)         Turns: 13399, Time: 00:07:14

Health: -3/80      AC: 20    Str: 13    XL:     12   Next: 74%
Magic:  16/17      EV: 12    Int: 14    God:    Okawaru [****..]
Gold:   610        SH:  5    Dex: 16    Spells: 12/13 levels left

rFire   . . .        i - +0 orcbow
rCold   . . .        (shield currently unavailable)
rNeg    + . .        q - +3 ring mail
rPois   inf          r - +0 helmet {SInv}
rElec   +            d - +0 cloak
rCorr   .            u - +0 pair of gloves
SInv    +            v - +0 pair of boots
Will    ++...        c - amulet of reflection
Stlth   +            k - ring of willpower
HPRegen 0.33/turn    g - ring of willpower
MPRegen 0.15/turn

%: reflection, clarity
@: slowed, very slow
A: sickness immunity, AC +8, negative energy resistance 1, electricity
resistance, torment resistance 1, petrification resistance, clarity, deformed
body, high MP 1
a: Renounce Religion, Heroism, Finesse


You were on level 4 of the Lair of Beasts.
You worshipped Okawaru.
Okawaru was greatly pleased with you.
You visited 3 branches of the dungeon, and saw 13 of its levels.

You collected 670 gold pieces.
You spent 60 gold pieces at shops.


Innate Abilities, Weirdness & Mutations

You are immune to sickness and miasma.
Your stone body is resilient. (AC +8)
You are immune to poison.
You resist negative energy. (rN+)
You are resistant to electric shocks. (rElec)
You are resistant to unholy torment.
You are immune to petrification.
You possess an exceptional clarity of mind.
Armour fits poorly on your strangely shaped body.
You have an increased reservoir of magic. (+10% MP)


   Skills:
 - Level 11.0 Fighting
 - Level 16.0 Ranged Weapons
 + Level 6.5 Armour
 - Level 4.0 Dodging
 - Level 1.0 Spellcasting
 - Level 2.6 Hexes
 + Level 4.6 Invocations


You had 12 spell levels left.
You knew the following spells:

 Your Spells              Type           Power      Damage    Failure   Level
a - Slow                  Hex            32%        N/A       17%         1

Your spell library contained the following spells:

 Spells                   Type           Power      Damage    Failure   Level
 Inner Flame              Hex/Fire       4%         N/A       65%         3
 Portal Projectile        Hex/Tloc       8%         N/A       65%         3
 Cause Fear               Hex            4%         N/A       86%         4

Inventory:

Hand Weapons
 i - a +0 orcbow (weapon)
Armour
 d - a +0 cloak (worn)
 l - a +1 helmet
 o - a +0 ring mail of fire resistance
 q - a +3 ring mail (worn)
 r - a +0 helmet of see invisible (worn)
 u - a +0 pair of gloves (worn)
 v - a +0 pair of boots (worn)
Jewellery
 c - an amulet of reflection (around neck)
 g - a ring of willpower (right hand)
 h - a ring of see invisible
 k - a ring of willpower (left hand)
 p - a ring of see invisible
 Y - a +6 ring of strength
Scrolls
 b - a scroll of identify
Potions
 a - 2 potions of enlightenment
 e - 5 potions of curing
 f - 4 potions of mutation
 j - a potion of cancellation
 n - a potion of haste
 s - a potion of resistance {unknown}

Dungeon Overview and Level Annotations

Branches:
Dungeon (8/15)             Temple (1/1) D:4            Lair (4/5) D:8
 Shoals (0/4) Lair:2       Spider (0/4) Lair:3
  Slime: Lair:4-5

Altars:
Ashenzari
Cheibriados
Dithmenos
Elyvilon
Fedhas
Gozag
Kikubaaqudgha
Makhleb
Nemelex Xobeh
Okawaru
Qazlal
Ru
Sif Muna
Trog
Uskayaw
Vehumet
Wu Jian
Xom
Yredelemnul
Zin
The Shining One

Shops:
D:6 *

Annotations:
D:4 3 runed translucent doors, qw's ghost, amateur GrHs


Message History

The cane toad closely misses you. x2; The wraith hits you.
The wraith drains your vigour!
You feel as though you will be slow longer.
You shoot an arrow. The arrow hits Josephine!
You kill Josephine!
Okawaru is honoured by your kill.
You hear a splash. x2
You block the cane toad's attack. The cane toad closely misses you.
The wraith barely misses you. The cane toad stings you.
Your life force feels restored.
You shoot an arrow. The arrow closely misses the wraith.
The cane toad stings you but does no damage.
The wraith completely misses you. The cane toad stings you.
The cane toad barely misses you.
You shoot an arrow. The arrow hits the wraith.
The wraith is lightly damaged.
The cane toad stings you. The wraith hits you but does no damage.
The cane toad closely misses you.
You shoot an arrow.
The arrow hits the wraith but does no damage.
The wraith is lightly damaged.
You block the cane toad's attack.
The cane toad stings you but does no damage.
The electric eel shoots out a bolt of lightning at you!
The bolt of electricity misses you. The wraith hits you.
The wraith drains your vigour!
You feel as though you will be slow longer.
The cane toad barely misses you. x2
You shoot an arrow. The arrow barely misses the wraith.
The wraith hits you but does no damage.
The electric eel shoots out a bolt of lightning at you!
The bolt of electricity hits you. You resist. The cane toad stings you.
The cane toad stings you but does no damage.
You shoot an arrow. The arrow hits the wraith!!
The wraith is severely damaged.
You feel like a meek peon again. The wraith misses you.
The cane toad closely misses you.
The cane toad stings you but does no damage.
The wraith hits you.
You die...

##(................#
#.#...............#
##................##
##.#..............# . ##
#####.>..........#
..##.#####%.............
......#.........##.####.
.............##.#### ###
......F@.....#### ##..
.#...7F)W~....P# #...
....7~...~~~..... P....
#...~.~S.~..~.....##....
.~.!~.~.~.~~...# #....
....~~.~.~.~..~..P##....
..~.~.~~.~..~.~. #.....
.....~...~~~.~~ ##.....
.......


You could see 2 cane toads, a wraith and an electric eel.

Vanquished Creatures
  Josephine (Lair:4)
  Harold (Lair:1)
  2 two-headed ogres
  Amaemon (Lair:1)
  A merfolk siren (Lair:2)
  5 black mambas
  A torpor snail (Lair:3)
  An orange demon (Lair:1)
  4 cane toads
  A gargoyle (D:6)
  3 rime drakes
  A komodo dragon (Lair:2)
  3 merfolk (Lair:2)
  3 hornets
  9 blink frogs
  3 wyverns
  16 yaks
  2 wraiths (Lair:4)
  2 basilisks
  Edmund (D:5)
  9 water moccasins
  2 sky beasts
  9 black bears
  An ice beast (D:8)
  6 wolves (Lair:2)
  A centaur (D:8)
  A kobold brigand (D:8)
  13 bullfrogs
  10 scorpions
  5 wights
  4 howler monkeys
  An electric eel (Lair:3)
  6 hounds
  2 gnoll boudas
  6 orc priests
  2 jellies
  An iguana (D:4)
  A sleepcap (D:7)
  Ijyb (D:3)
  7 orc wizards
  Robin (D:3)
  12 gnolls
  10 adders
  A shadow imp (D:8)
  A white imp (D:6)
  An ufetubus (D:5)
  2 worms
  2 dart slugs (D:1)
  23 orcs
  4 ball pythons
  A bat (D:1)
  7 endoplasms
  2 giant cockroaches (D:2)
  17 goblins
  11 hobgoblins
  10 jackals
  4 quokkas
  4 frilled lizards
  17 kobolds
  6 rats
285 creatures vanquished.

Vanquished Creatures (others)
  A kobold brigand (D:8)
  An orc (D:4)
2 creatures vanquished.

Grand Total: 287 creatures vanquished

Notes
Turn   | Place    | Note
-------+----------+-------------------------------------------
     0 | D:1      | qw the Gargoyle Hexslinger began the quest for the Orb.
     0 | D:1      | Reached XP level 1. HP: 12/12 MP: 2/2
     0 | D:1      | 0 ||| qw: Version: 0.3-a-51-g015441d
     0 | D:1      | 0 ||| qw: Game counter: 3942
     0 | D:1      | 0 ||| qw: Melee chars always use a shield: true
     0 | D:1      | 0 ||| qw: God list: Okawaru
     0 | D:1      | 0 ||| qw: Allow faded altars: false
     0 | D:1      | 0 ||| qw: Do Orc after clearing Dungeon:15 true
     0 | D:1      | 0 ||| qw: Do second Lair branch before Depths: true
     0 | D:1      | 0 ||| qw: Lair rune preference: random
     0 | D:1      | 0 ||| qw: Goals: Normal
     0 | D:1      | 0 ||| PLANNING D:1-11
    90 | D:1      | Reached XP level 2. HP: 16/16 MP: 3/3
   106 | D:1      | HP: 4/16 [jackal (2)]
   283 | D:1      | Reached skill level 3 in Ranged Weapons
   675 | D:1      | 675 ||| UPGRADING to +0 cloak.
   680 | D:1      | 680 ||| UPGRADING to +0 leather armour.
   690 | D:1      | 690 ||| DROPPING +0 robe.
   691 | D:1      | 691 ||| UPGRADING to +6 ring of strength.
   692 | D:1      | 692 ||| READING scroll labelled ZIHEGO BERE.
   693 | D:1      | 693 ||| READING 3 scrolls labelled SELEXU FUAJO.
   696 | D:1      | 696 ||| READING scroll labelled ZASOSA IPNADA.
   697 | D:1      | 697 ||| DRINKING 2 smoky dark potions.
   697 | D:1      | Gained mutation: You possess an exceptional clarity of
                  | mind. [potion of mutation]
   697 | D:1      | Gained mutation: Armour fits poorly on your strangely
                  | shaped body. [potion of mutation]
   697 | D:1      | Gained mutation: You have an increased reservoir of magic.
                  | (+10% MP) [potion of mutation]
   698 | D:1      | 698 ||| DRINKING 2 lumpy golden potions.
   699 | D:1      | 699 ||| DROPPING scroll of poison.
   700 | D:1      | 700 ||| DROPPING potion of magic.
   739 | D:2      | HP: 4/17 [worm (10)]
   740 | D:2      | 740 ||| READING 2 scrolls of teleportation.
   745 | D:2      | Reached XP level 3. HP: 7/21 MP: 4/4
  1253 | D:2      | Reached XP level 4. HP: 26/26 MP: 6/6
  1358 | D:2      | Found a faded altar of an unknown god.
  1404 | D:2      | Reached skill level 4 in Ranged Weapons
  1688 | D:2      | 1688 ||| UPGRADING to +0 ring mail.
  1698 | D:2      | 1698 ||| DROPPING +0 leather armour.
  1699 | D:2      | 1699 ||| READING scroll labelled FEES QAOKUFU.
  1700 | D:2      | 1700 ||| READING scroll labelled KUEVOE TECK.
  1701 | D:2      | 1701 ||| DRINKING 2 purple potions.
  1702 | D:2      | 1702 ||| READING 3 scrolls of identify.
  1702 | D:2      | 1702 ||| IDENTIFYING blue potion
  1703 | D:2      | 1703 ||| READING 2 scrolls of identify.
  1703 | D:2      | 1703 ||| IDENTIFYING fuming red potion
  1704 | D:2      | 1704 ||| DROPPING potion of ambrosia.
  1705 | D:2      | 1705 ||| DROPPING potion of brilliance.
  1831 | D:3      | Reached skill level 1 in Armour
  1835 | D:3      | 1835 ||| FLEEEEING.
  1893 | D:3      | Noticed Robin
  1901 | D:3      | Killed Robin
  1997 | D:3      | 1997 ||| Stepping ~*~*~tactically~*~*~ (outnumbered).
  1998 | D:3      | 1998 ||| Stepping ~*~*~tactically~*~*~ (outnumbered).
  2000 | D:3      | 2000 ||| Stepping ~*~*~tactically~*~*~ (outnumbered).
  2008 | D:3      | Reached XP level 5. HP: 17/30 MP: 7/7
  2333 | D:3      | 2333 ||| UPGRADING to +1 helmet.
  2338 | D:3      | 2338 ||| READING scroll labelled MEBAOFO YKHI.
  2339 | D:3      | 2339 ||| DRINKING 2 fizzy clear potions.
  2340 | D:3      | 2340 ||| DRINKING 5 viscous amethyst potions.
  2359 | D:4      | Reached skill level 5 in Ranged Weapons
  2403 | D:4      | Found a staircase to the Ecumenical Temple.
  2404 | D:4      | 2404 ||| PLANNING TEMPLE
  2413 | D:4      | Noticed Ijyb
  2416 | D:4      | 2416 ||| FLEEEEING.
  2417 | D:4      | 2417 ||| FLEEEEING.
  2418 | D:4      | 2418 ||| FLEEEEING.
  2419 | D:4      | 2419 ||| FLEEEEING.
  2420 | D:4      | 2420 ||| FLEEEEING.
  2421 | D:4      | 2421 ||| FLEEEEING.
  2422 | D:4      | 2422 ||| FLEEEEING.
  2423 | D:4      | 2423 ||| FLEEEEING.
  2424 | D:4      | 2424 ||| FLEEEEING.
  2425 | D:4      | 2425 ||| FLEEEEING.
  2426 | D:4      | 2426 ||| FLEEEEING.
  2427 | D:4      | 2427 ||| FLEEEEING.
  2428 | D:4      | 2428 ||| FLEEEEING.
  2429 | D:4      | 2429 ||| FLEEEEING.
  2430 | D:4      | 2430 ||| FLEEEEING.
  2431 | D:4      | 2431 ||| FLEEEEING.
  2432 | D:4      | 2432 ||| FLEEEEING.
  2433 | D:4      | 2433 ||| FLEEEEING.
  2434 | D:4      | 2434 ||| FLEEEEING.
  2435 | D:4      | 2435 ||| FLEEEEING.
  2436 | D:4      | 2436 ||| FLEEEEING.
  2437 | D:4      | 2437 ||| FLEEEEING.
  2438 | D:4      | 2438 ||| FLEEEEING.
  2439 | D:4      | 2439 ||| FLEEEEING.
  2440 | D:4      | 2440 ||| STAIRDANCE
  2440 | D:4      | HP: 5/31 [Ijyb/iceblast (10)]
  2545 | D:4      | 2545 ||| STAIRDANCE
  2549 | D:4      | 2549 ||| STAIRDANCE
  2603 | D:4      | 2603 ||| STAIRDANCE
  2614 | D:4      | 2614 ||| STAIRDANCE
  2629 | D:4      | 2629 ||| STAIRDANCE
  2633 | D:4      | 2633 ||| STAIRDANCE
  2646 | D:3      | HP: 5/31 [Ijyb/+0 club (4)]
  2647 | D:3      | 2647 ||| READING 2 scrolls of teleportation.
  2648 | D:3      | 2648 ||| DRINKING 4 potions of heal wounds.
  2708 | D:4      | 2708 ||| STAIRDANCE
  2712 | D:4      | 2712 ||| STAIRDANCE
  2716 | D:4      | 2716 ||| STAIRDANCE
  2720 | D:4      | 2720 ||| STAIRDANCE
  2724 | D:4      | 2724 ||| STAIRDANCE
  2728 | D:4      | 2728 ||| STAIRDANCE
  2732 | D:4      | 2732 ||| STAIRDANCE
  2736 | D:4      | 2736 ||| STAIRDANCE
  2740 | D:4      | 2740 ||| STAIRDANCE
  2744 | D:4      | 2744 ||| STAIRDANCE
  2748 | D:4      | 2748 ||| STAIRDANCE
  2776 | D:3      | Killed Ijyb
  2777 | D:3      | Reached skill level 3 in Fighting
  2793 | D:4      | 2793 ||| STAIRDANCE
  2797 | D:4      | 2797 ||| STAIRDANCE
  2819 | D:4      | Reached XP level 6. HP: 37/37 MP: 8/8
  2850 | Temple   | Entered the Ecumenical Temple
  2871 | Temple   | 2871 ||| PLANNING OKAWARU WORSHIP
  2891 | Temple   | Became a worshipper of Warmaster Okawaru
  2892 | Temple   | 2892 ||| PLANNING D:1-11
  2984 | D:4      | Found a burning altar of Makhleb.
  3009 | D:4      | Found a runed translucent gate.
  3010 | D:4      | Found a runed translucent gate.
  3010 | D:4      | Noticed qw's ghost (amateur GrHs)
  3011 | D:4      | Found a runed translucent gate.
  3020 | D:4      | Reached skill level 6 in Ranged Weapons
  3135 | D:4      | 3135 ||| READING scroll of enchant weapon.
  3135 | D:4      | 3135 ||| ENCHANTING +2 sling.
  3629 | D:4      | 3629 ||| UPGRADING to +0 ring mail of fire resistance.
  3639 | D:4      | 3639 ||| DROPPING +0 ring mail.
  3640 | D:4      | 3640 ||| UPGRADING to +0 helmet of see invisible.
  3650 | D:4      | 3650 ||| READING 2 scrolls labelled ELIUCR ULISOAME.
  3678 | D:4      | 3678 ||| READING scroll labelled NEQOMPOREM.
  3679 | D:4      | 3679 ||| DROPPING scroll of torment.
  3700 | D:5      | Entered Level 5 of the Dungeon
  3708 | D:5      | Reached XP level 7. HP: 43/43 MP: 9/9
  3826 | D:5      | 3826 ||| Stepping ~*~*~tactically~*~*~ (outnumbered).
  3840 | D:5      | 3840 ||| Stepping ~*~*~tactically~*~*~ (outnumbered).
  3845 | D:5      | HP: 7/43 [gnoll/+0 flail[a gnoll bouda] (9)]
  3846 | D:5      | 3846 ||| READING 2 scrolls of teleportation.
  3847 | D:5      | 3847 ||| DRINKING 3 potions of heal wounds.
  3852 | D:5      | HP: 9/43 [orc wizard/+0 dagger (2)]
  3853 | D:5      | 3853 ||| READING scroll of teleportation.
  3853 | D:5      | HP: 1/43 [orc wizard/magic dart (8)]
  3854 | D:5      | 3854 ||| DRINKING 2 potions of heal wounds.
  3874 | D:5      | Reached skill level 7 in Ranged Weapons
  3884 | D:5      | HP: 8/43 [orc/+0 dagger (4)]
  3885 | D:5      | 3885 ||| DRINKING potion of heal wounds.
  4148 | D:5      | Noticed Edmund
  4165 | D:5      | HP: 10/43 [Edmund/+0 flail of holy wrath (1)]
  4167 | D:5      | HP: 4/43 [Edmund/+0 flail of holy wrath (6)]
  4169 | D:5      | Killed Edmund
  4169 | D:5      | Reached * piety under Okawaru
  4331 | D:5      | 4331 ||| INVOKING Heroism.
  4340 | D:5      | Reached skill level 1 in Invocations
  4340 | D:5      | Reached XP level 8. HP: 34/48 MP: 7/10
  4417 | D:5      | 4417 ||| INVOKING Heroism.
  4506 | D:5      | 4506 ||| INVOKING Heroism.
  4515 | D:5      | Reached skill level 8 in Ranged Weapons
  4542 | D:5      | 4542 ||| INVOKING Heroism.
  4679 | D:5      | 4679 ||| UPGRADING to amulet of reflection.
  4684 | D:5      | 4684 ||| DROPPING amulet of magic regeneration.
  4685 | D:5      | 4685 ||| READING scroll labelled PUAGOD DUBROMO.
  4702 | D:6      | Found Famitiurph's General Store.
  4703 | D:6      | 4703 ||| INVOKING Heroism.
  4717 | D:6      | 4717 ||| STAIRDANCE
  4817 | D:6      | 4817 ||| STAIRDANCE
  4865 | D:6      | 4865 ||| STAIRDANCE
  4891 | D:6      | 4891 ||| STAIRDANCE
  4938 | D:6      | 4938 ||| STAIRDANCE
  4979 | D:6      | 4979 ||| STAIRDANCE
  5053 | D:6      | 5053 ||| SHOPLISTING +6 ring of dexterity (432 gold, have
                  | 261).
  5053 | D:6      | 5053 ||| BUYING potion of curing (36 gold).
  5053 | D:6      | Bought a potion of curing for 36 gold pieces
  5053 | D:6      | 5053 ||| BUYING scroll of identify (24 gold).
  5053 | D:6      | Bought a scroll of identify for 24 gold pieces
  5131 | D:6      | Reached skill level 3 in Invocations
  5163 | D:6      | 5163 ||| INVOKING Heroism.
  5281 | D:6      | Reached skill level 9 in Ranged Weapons
  5416 | D:6      | Reached XP level 9. HP: 54/54 MP: 11/13
  5542 | D:6      | 5542 ||| INVOKING Heroism.
  5549 | D:6      | Reached skill level 6 in Fighting
  5651 | D:6      | 5651 ||| UPGRADING to +3 ring mail.
  5661 | D:6      | 5661 ||| READING 3 scrolls of identify.
  5661 | D:6      | 5661 ||| IDENTIFYING fizzy red potion
  5662 | D:6      | 5662 ||| READING 2 scrolls of identify.
  5662 | D:6      | 5662 ||| IDENTIFYING brown potion
  5663 | D:6      | 5663 ||| DROPPING potion of degeneration.
  5683 | D:7      | 5683 ||| INVOKING Heroism.
  5688 | D:7      | Noticed a gargoyle
  5689 | D:7      | 5689 ||| STAIRDANCE
  5695 | D:6      | HP: 9/55 [wight/+0 dire flail (7)]
  5696 | D:6      | 5696 ||| DRINKING potion of heal wounds.
  5703 | D:6      | HP: 8/55 [wight/+0 dire flail (12)]
  5708 | D:6      | 5708 ||| INVOKING Heroism.
  5870 | D:7      | 5870 ||| STAIRDANCE
  5876 | D:6      | 5876 ||| INVOKING Heroism.
  5946 | D:7      | Noticed a two-headed ogre
  5947 | D:7      | 5947 ||| STAIRDANCE
  5951 | D:6      | 5951 ||| INVOKING Heroism.
  5956 | D:6      | Killed a gargoyle
  5957 | D:6      | Reached skill level 10 in Ranged Weapons
  6084 | D:7      | 6084 ||| INVOKING Heroism.
  6091 | D:7      | 6091 ||| STAIRDANCE
  6093 | D:6      | HP: 7/55 [two-headed ogre/+0 giant club (15)]
  6099 | D:6      | HP: 2/55 [two-headed ogre/+0 giant club (6)]
  6102 | D:6      | Killed a two-headed ogre
  6287 | D:7      | 6287 ||| STAIRDANCE
  6329 | D:7      | 6329 ||| INVOKING Heroism.
  6332 | D:7      | Noticed a two-headed ogre
  6355 | D:7      | Killed a two-headed ogre
  6355 | D:7      | Reached ** piety under Okawaru
  6356 | D:7      | Reached XP level 10. HP: 45/65 MP: 14/14
  6535 | D:7      | 6535 ||| FLEEEEING.
  6536 | D:7      | 6536 ||| FLEEEEING.
  6537 | D:7      | 6537 ||| FLEEEEING.
  6538 | D:7      | 6538 ||| FLEEEEING.
  6539 | D:7      | 6539 ||| FLEEEEING.
  6540 | D:7      | 6540 ||| FLEEEEING.
  6541 | D:7      | 6541 ||| FLEEEEING.
  6542 | D:7      | 6542 ||| FLEEEEING.
  6543 | D:7      | 6543 ||| FLEEEEING.
  6545 | D:7      | 6545 ||| STAIRDANCE
  6590 | D:6      | 6590 ||| READING 2 scrolls of identify.
  6590 | D:6      | 6590 ||| IDENTIFYING ruby potion
  6591 | D:6      | 6591 ||| DROPPING potion of lignification.
  6611 | D:7      | 6611 ||| INVOKING Heroism.
  6873 | D:7      | Found the +6 shillelagh "Devastator" {shatter}
  6940 | D:7      | Identified the +0 robe "Aryq" {Slay+3}
  6949 | D:7      | 6949 ||| DROPPING +0 robe "Aryq" {Slay+3}.
  6950 | D:7      | 6950 ||| UPGRADING to ring of willpower.
  6978 | D:8      | Found a sacrificial altar of Ru.
  7010 | D:8      | 7010 ||| Stepping ~*~*~tactically~*~*~ (outnumbered).
  7016 | D:8      | Found a flagged portal.
  7048 | D:8      | 7048 ||| SWAPPING to +0 orcbow.
  7049 | D:8      | 7049 ||| DROPPING +3 sling.
  7067 | D:8      | 7067 ||| INVOKING Heroism.
  7079 | D:8      | Reached skill level 11 in Ranged Weapons
  7217 | D:8      | 7217 ||| INVOKING Heroism.
  7222 | D:8      | Reached skill level 3 in Dodging
  7230 | D:8      | 7230 ||| FLEEEEING.
  7231 | D:8      | 7231 ||| FLEEEEING.
  7232 | D:8      | 7232 ||| FLEEEEING.
  7233 | D:8      | 7233 ||| FLEEEEING.
  7234 | D:8      | 7234 ||| FLEEEEING.
  7235 | D:8      | 7235 ||| FLEEEEING.
  7236 | D:8      | 7236 ||| FLEEEEING.
  7248 | D:8      | 7248 ||| INVOKING Heroism.
  7276 | D:8      | 7276 ||| INVOKING Heroism.
  7308 | D:8      | 7308 ||| FLEEEEING.
  7314 | D:8      | 7314 ||| FLEEEEING.
  7330 | D:8      | 7330 ||| FLEEEEING.
  7448 | D:8      | 7448 ||| INVOKING Heroism.
  7469 | D:8      | 7469 ||| FLEEEEING.
  7470 | D:8      | 7470 ||| FLEEEEING.
  7471 | D:8      | 7471 ||| FLEEEEING.
  7472 | D:8      | 7472 ||| FLEEEEING.
  7480 | D:8      | 7480 ||| FLEEEEING.
  7481 | D:8      | 7481 ||| FLEEEEING.
  7482 | D:8      | 7482 ||| FLEEEEING.
  7483 | D:8      | 7483 ||| FLEEEEING.
  7484 | D:8      | 7484 ||| FLEEEEING.
  7485 | D:8      | 7485 ||| FLEEEEING.
  7487 | D:8      | 7487 ||| FLEEEEING.
  7488 | D:8      | 7488 ||| FLEEEEING.
  7489 | D:8      | 7489 ||| FLEEEEING.
  7490 | D:8      | 7490 ||| FLEEEEING.
  7491 | D:8      | 7491 ||| FLEEEEING.
  7492 | D:8      | 7492 ||| FLEEEEING.
  7493 | D:8      | 7493 ||| FLEEEEING.
  7494 | D:8      | 7494 ||| FLEEEEING.
  7495 | D:8      | 7495 ||| FLEEEEING.
  7496 | D:8      | 7496 ||| FLEEEEING.
  7497 | D:8      | 7497 ||| FLEEEEING.
  7498 | D:8      | 7498 ||| STAIRDANCE
  7527 | D:7      | 7527 ||| DRINKING 2 clear potions.
  7528 | D:7      | 7528 ||| DROPPING potion of attraction.
  7541 | D:8      | 7541 ||| STAIRDANCE
  7673 | D:8      | Reached skill level 12 in Ranged Weapons
  7916 | D:8      | Found a staircase to the Lair.
  8284 | D:8      | 8284 ||| PLANNING LAIR
  8284 | D:8      | 8284 ||| READING scroll labelled MUXEYS AKLY.
  8285 | D:8      | 8285 ||| DRINKING 2 fuming ruby potions.
  8390 | D:8      | 8390 ||| DROPPING potion of berserk rage.
  8415 | Lair:1   | Entered Level 1 of the Lair of Beasts
  8422 | Lair:1   | Noticed a cane toad
  8423 | Lair:1   | 8423 ||| INVOKING Heroism.
  8435 | Lair:1   | Killed a cane toad
  8532 | Lair:1   | Noticed Harold
  8533 | Lair:1   | 8533 ||| INVOKING Heroism.
  8561 | Lair:1   | 8561 ||| INVOKING Heroism.
  8563 | Lair:1   | Killed Harold
  8564 | Lair:1   | Reached skill level 13 in Ranged Weapons
  8564 | Lair:1   | Reached XP level 11. HP: 51/69 MP: 12/15
  8702 | Lair:1   | 8702 ||| INVOKING Heroism.
  8911 | Lair:1   | Noticed Amaemon
  8912 | Lair:1   | 8912 ||| INVOKING Heroism.
  8925 | Lair:1   | Reached skill level 9 in Fighting
  8944 | Lair:1   | 8944 ||| INVOKING Heroism.
  8945 | Lair:1   | Killed Amaemon
  9056 | Lair:1   | 9056 ||| INVOKING Heroism.
  9083 | Lair:1   | 9083 ||| INVOKING Heroism.
  9271 | Lair:1   | Reached *** piety under Okawaru
  9279 | Lair:1   | 9279 ||| INVOKING Heroism.
  9286 | Lair:1   | HP: 17/71 [yak (5)]
  9287 | Lair:1   | 9287 ||| READING 2 scrolls of teleportation.
  9288 | Lair:1   | 9288 ||| DRINKING 2 potions of heal wounds.
  9290 | Lair:1   | Reached skill level 14 in Ranged Weapons
  9440 | Lair:1   | 9440 ||| INVOKING Heroism.
  9592 | Lair:1   | 9592 ||| INVOKING Heroism.
  9810 | Lair:1   | 9810 ||| UPGRADING to +0 pair of gloves.
  9815 | Lair:1   | 9815 ||| UPGRADING to +0 pair of boots.
  9820 | Lair:1   | 9820 ||| READING scroll labelled JAFIOQ NYDDU.
  9821 | Lair:1   | 9821 ||| READING 2 scrolls of identify.
  9821 | Lair:1   | 9821 ||| IDENTIFYING silvery potion
  9854 | Lair:2   | 9854 ||| INVOKING Heroism.
  9905 | Lair:2   | Reached skill level 6 in Armour
  9925 | Lair:2   | 9925 ||| INVOKING Heroism.
  9941 | Lair:2   | 9941 ||| FLEEEEING.
  9942 | Lair:2   | 9942 ||| FLEEEEING.
  9943 | Lair:2   | 9943 ||| FLEEEEING.
  9945 | Lair:2   | 9945 ||| FLEEEEING.
  9946 | Lair:2   | 9946 ||| FLEEEEING.
  9947 | Lair:2   | 9947 ||| FLEEEEING.
  9948 | Lair:2   | 9948 ||| FLEEEEING.
  9949 | Lair:2   | 9949 ||| STAIRDANCE
 10076 | Lair:2   | 10076 ||| INVOKING Heroism.
 10136 | Lair:2   | 10136 ||| INVOKING Heroism.
 10184 | Lair:2   | Identified the +9 dagger "Velau" {pain, Int-2 Dex+5}
 10285 | Lair:2   | 10285 ||| INVOKING Heroism.
 10312 | Lair:2   | HP: 17/72 [blink frog (13)]
 10313 | Lair:2   | 10313 ||| DRINKING potion of heal wounds.
 10315 | Lair:2   | 10315 ||| INVOKING Heroism.
 10513 | Lair:2   | 10513 ||| INVOKING Heroism.
 10518 | Lair:2   | Reached XP level 12. HP: 65/77 MP: 13/16
 10543 | Lair:2   | 10543 ||| INVOKING Heroism.
 10688 | Lair:2   | 10688 ||| INVOKING Heroism.
 10812 | Lair:2   | 10812 ||| INVOKING Heroism.
 10831 | Lair:2   | Reached skill level 15 in Ranged Weapons
 10993 | Lair:2   | Found a staircase to the Shoals.
 11447 | Lair:2   | 11447 ||| INVOKING Heroism.
 11463 | Lair:2   | HP: 14/77 [komodo dragon (21)]
 11464 | Lair:2   | 11464 ||| READING scroll of teleportation.
 11464 | Lair:2   | HP: 4/77 [komodo dragon (10)]
 12471 | Lair:3   | 12471 ||| INVOKING Heroism.
 12494 | Lair:3   | Reached skill level 16 in Ranged Weapons
 12496 | Lair:3   | 12496 ||| INVOKING Heroism.
 12650 | Lair:3   | Found a hole to the Spider Nest.
 12848 | Lair:3   | 12848 ||| UPGRADING to ring of willpower.
 12999 | Lair:3   | Reached **** piety under Okawaru
 13003 | Lair:3   | 13003 ||| INVOKING Heroism.
 13220 | Lair:3   | 13220 ||| DROPPING ring of wizardry.
 13264 | Lair:4   | Identified the +1 long sword of Gluttony {venom, Int+6
                  | Dex+5}
 13354 | Lair:4   | Noticed Josephine
 13379 | Lair:4   | 13379 ||| INVOKING Heroism.
 13387 | Lair:4   | HP: 17/78 [cane toad (18)]
 13393 | Lair:4   | HP: 17/78 [wraith[Josephine] (1)]
 13394 | Lair:4   | Killed Josephine
 13398 | Lair:4   | HP: 8/80 [electric eel/bolt of electricity (1)]
 13398 | Lair:4   | HP: 2/80 [cane toad (6)]
 13399 | Lair:4   | Slain by a wraith

Levels and vault maps discovered:
D:1:      denvon_arrival_planthouse, layout_loops_cross
D:2:      layout_loops_cross, dreamdust_ecumenical_altar_hidden_monk_grotto,
          minmay_tetromino_o2
D:3:      layout_basic, uniq_robin
D:4:      layout_cave_pods, makhleb_heckhound_becter, minmay_temple_entry_glass,
          gammafunk_ghost_split, st_stairs_14, grunt_ministairs_2,
          minmay_hedge_maze, uniq_ijyb
D:5:      layout_basic, uniq_edmund
D:6:      layout_rooms, serial_shops, nicolae_shop_stone, abandoned_shop
D:7:      layout_rooms, dilly_guarded_unrand_devastator
D:8:      layout_basic, nicolae_ru_awakened_eye, due_lair_maze_entry_diamond,
          enter_bailey_3, chequers_serial_rivers_micro_d
Temple:   hellmonk_temple_of_storms
Lair:1:   layout_cave_pods, uniq_harold, uniq_amaemon
Lair:2:   layout_cave_pods, elwin_shoals_entry_stream, beast_lair_carwin_10
Lair:3:   layout_cave_pods, nicolae_spider_entry_non_spiders,
          columned_hall_lemuel, serial_bayou_shore_a
Lair:4:   layout_cave_pods, slime_entry_1, nicolae_quartered_pool_medium,
          serial_bayou_shore_b, uniq_josephine

Skill      XL: |  1  2  3  4  5  6  7  8  9 10 11 12 |
---------------+-------------------------------------+-----
Ranged Weapons | 3 4 5 6 7 9 10 13 14 16 | 16.0
Fighting       | 2 3 4 5 8 10 11 | 11.0
Armour         | 1 2 5 6 |  6.5
Invocations    | 1 4 |  4.6
Dodging        | 2 3 4 |  4.0
Spellcasting   | |  1.0
Hexes          | |  2.6

Action                     |  1- 3 |  4- 6 |  7- 9 | 10-12 || total
---------------------------+-------+-------+-------+-------++-------
   Fire: Sling             |   126 |   279 |   413 |   113 ||   931
         Orcbow            |       |       |       |   934 ||   934
 Invoke: Heroism           |       |       |    13 |    32 ||    45
    Use: Scroll            |     4 |     9 |     5 |     6 ||    24
         Potion            |     2 |     4 |     4 |     4 ||    14
 Armour: Robe              |    11 |       |       |       ||    11
         Leather armour    |    16 |    11 |       |       ||    27
         Ring mail         |       |    65 |   154 |   344 ||   563
  Dodge: Dodged            |    52 |    98 |   239 |   487 ||   876
  Block: Other             |       |       |    70 |   173 ||   243
         Reflection        |       |       |     1 |     2 ||     3

Table legend:
 A = Non-vault XP
 B = Vault XP
 C = Vault XP percentage of total XP
 D = Non-vault monster count
 E = Vault monster count
 F = Vault count percentage of total count
                 A         B        C        D         E       F
            +---------+---------+-------+---------+---------+-------
      Total |   17486 |   11042 |  38.7 |     220 |      66 |  23.1
            +---------+---------+-------+---------+---------+-------
        D:1 |      32 |       0 |   0.0 |      17 |       0 |   0.0
        D:2 |      69 |       5 |   6.8 |      20 |       1 |   4.8
        D:3 |      66 |      71 |  51.8 |      14 |      12 |  46.2
        D:4 |     226 |     132 |  36.9 |      17 |       6 |  26.1
        D:5 |     772 |     158 |  17.0 |      19 |       1 |   5.0
        D:6 |    1438 |    1239 |  46.3 |      32 |       2 |   5.9
        D:7 |     705 |     969 |  57.9 |      23 |       2 |   8.0
        D:8 |    1595 |    1233 |  43.6 |      28 |      14 |  33.3
     Lair:1 |    4228 |    2091 |  33.1 |      15 |       3 |  16.7
     Lair:2 |    3546 |    2870 |  44.7 |      12 |      14 |  53.8
     Lair:3 |    4512 |     964 |  17.6 |      21 |       8 |  27.6
     Lair:4 |     297 |    1310 |  81.5 |       2 |       3 |  60.0
            +---------+---------+-------+---------+---------+-------
